 Dungeon Crawl Stone Soup version 0.30-a0-782-ge64f9170bb (webtiles) character file.

Game seed: 6434728773866421757

4 Dirtsage the Trooper (level 1, 0/18 HPs)
             Began as a Demonspawn Fighter on Mar 15, 2023.
             Succumbed to a goblin's poison
             ... on level 1 of the Dungeon.
             The game lasted 00:00:24 (194 turns).

Dirtsage the Trooper (Demonspawn Fighter)            Turns: 194, Time: 00:00:25

Health: 0/18       AC:  6    Str: 16    XL:     1   Next: 58%
Magic:  1/1        EV:  8    Int:  9    God:
Gold:   33         SH:  4    Dex: 10    Spells: 0/0 levels left

rFire   . . .      SeeInvis .    a - +0 war axe
rCold   . . .      Faith    .    c - +0 buckler
rNeg    . . .      Spirit   .    b - +0 scale mail
rPois   +          Reflect  .    (no helmet)
rElec   .          Harm     .    (no cloak)
rCorr   .          Rampage  .    (no gloves)
Will    .....                    (no boots) Stlth
                                 (no amulet)
HPRegen 0.23/turn                (no ring)
MPRegen 0.07/turn                (no ring)

@: lethally poisoned (0 -> -7), invisible
A: clumsy 1, poison resistance
a: no special abilities


You were on level 1 of the Dungeon.
You visited 1 branch of the dungeon, and saw 1 of its levels.

You collected 33 gold pieces.

Inventory:

Hand Weapons
 a - a +0 war axe (weapon)
Armour
 b - a +0 scale mail (worn)
 c - a +0 buckler (worn)
Scrolls
 e - a scroll of torment {unknown}
 f - a scroll of identify {unknown}
Potions
 d - 3 potions of might


   Skills:
 - Level 3.0 Fighting
 + Level 2.2 Axes
 - Level 2.6 Armour
 - Level 2.6 Shields


You couldn't memorise any spells.
You didn't know any spells.
Your spell library was empty.

Dungeon Overview and Level Annotations

Branches:
Dungeon (1/15)

Altars:


Innate Abilities, Weirdness & Mutations

You are clumsy. (Dex -2)
Your system is resistant to poisons. (rPois)


Message History

The bat hits you but does no damage. x2
The bat hits you but does no damage.
You miss the bat. The bat hits you but does no damage.
The bat barely misses you.
You hit the bat.
You kill the bat!
No target in view!
A goblin comes into view. It is wielding a +1 dagger of venom.
You closely miss the goblin. You block the goblin's attack.
The goblin hits you with a +1 dagger of venom.
You are poisoned.
You take 1 damage, and have 17/18 hp.
You barely miss the goblin.
You feel very sick. You block the goblin's attack.
You take 3 damage, and have 14/18 hp.
You closely miss the goblin.
You feel sick. The goblin hits you but does no damage.
You are more poisoned.
You block the goblin's attack.
You take 2 damage, and have 12/18 hp.
You are too injured to fight recklessly!
You barely miss the goblin.
You feel very sick.
The goblin hits you with a +1 dagger of venom.
You are lethally poisoned!
You take 3 damage, and have 9/18 hp.
You slash the goblin!
You kill the goblin!
* * * LOW HITPOINT WARNING * * *
You feel very sick.
You take 5 damage, and have 4/18 hp.
MASSIVE DAMAGE!!
It was a potion of invisibility.
You fade into invisibility!
* * * LOW HITPOINT WARNING * * *
You feel sick.
You take 2 damage, and have 2/18 hp.
It was a potion of mutation.
You feel extremely strange.
You feel clumsy.
You feel resistant to poisons.
You die...

........###...#.#
..###.##.######†#
..###.#..(## #.#
..........>####.#
.#.#............#
...........############
.#.#.##...##...........
.#....##.###.......#
....#.######.###@#.#
###.(.##
#>..†...)...... ##...#
#.#.##..#.###.# #...#
#.#......... #...#
#.#.........# #...#
#.#..##...#.#
#...###.#.......#.#
#..............## #
####...#####..###.


There were no monsters in sight!

Vanquished Creatures
  A giant cockroach (D:1)
  A bat (D:1)
  A frilled lizard (D:1)
  A goblin (D:1)
  2 rats (D:1)
6 creatures vanquished.

Notes
Turn   | Place    | Note
-------+----------+-------------------------------------------
     0 | D:1      | Dirtsage the Demonspawn Fighter began the quest for the
                  | Orb.
     0 | D:1      | Reached XP level 1. HP: 18/18 MP: 1/1
   194 | D:1      | Gained mutation: You are clumsy. (Dex -2) [potion of
                  | mutation]
   194 | D:1      | Gained mutation: Your system is resistant to poisons.
                  | (rPois) [potion of mutation]
   194 | D:1      | Succumbed to a goblin's poison

Illustrated notes

Levels and vault maps discovered:
D:1:      ebering_hopf_link, layout_loops_cross

Skill      XL: |  1 |
---------------+----+-----
Axes           | 2 |  2.2
Fighting       | |  3.0
Armour         | |  2.6
Shields        | |  2.6

Action                     || total
---------------------------++-------
  Melee: War axe           ||    20
    Use: Potion            ||     2
 Armour: Scale mail        ||    10
  Dodge: Dodged            ||     5
  Block: Buckler           ||    10

Table legend: (Time is in decaauts)
 A = Elapsed time spent in this place.
 B = Non-inter-level travel time spent in this place.
 C = Inter-level travel time spent in this place.
 D = Time resting spent in this place.
 E = Time spent auto-exploring this place.
 F = Levels seen in this place.
 G = Mean time per level.
                   A        B        C        D        E       F      G
               +--------+--------+--------+--------+--------+-----+--------+
         Total |    203 |    203 |      0 |      0 |    150 |   1 |  203.0 |
       Dungeon |    203 |    203 |      0 |      0 |    150 |   1 |  203.0 |
               +--------+--------+--------+--------+--------+-----+--------+

Top non-repeatable levels by time:
     D:1: 203 daAuts
